 Dungeon Crawl Stone Soup version 0.18-a0-1805-g8ab820f (webtiles) character file.

149 barb4r1an the Ruffian (level 5, -8/40 HPs)
             Began as a Draconian Transmuter on Apr 26, 2016.
             Killed from afar by an orc wizard (12 damage)
             ... with a puff of frost
             ... on level 3 of the Dungeon.
             The game lasted 00:07:10 (3210 turns).

barb4r1an the Ruffian (Draconian Transmuter)        Turns: 3210, Time: 00:07:11

Health: -8/40      AC:  6    Str: 12    XL:     5   Next: 9%
Magic:  2/9        EV: 12    Int: 15    God:
Gold:   139        SH:  0    Dex: 15    Spells: 3 memorised, 3 levels left

rFire  . . .     SeeInvis .       - Unarmed
rCold  . . .     Gourm    .     (armour unavailable)
rNeg   . . .     Faith    .     (no shield)
rPois  .         Spirit   .     (helmet restricted)
rElec  .         Dismiss  .     (no cloak)
rCorr  .         Reflect  .     l - +0 pair of gloves
SustAt .         Harm     .     (no boots)
MR     +....                    (no amulet)
Stlth  +.........               w - ring of protection from magic
                                c - +4 ring of dexterity

@: very slightly contaminated, somewhat resistant to hostile enchantments, very
unstealthy
A: unfitting armour, cold-blooded, AC +5
a: no special abilities


You were on level 3 of the Dungeon.
You were hungry.

You visited 1 branch of the dungeon, and saw 3 of its levels.

You collected 139 gold pieces.

Inventory:

Missiles
 a - 51 arrows
Armour
 l - a +0 pair of gloves (worn)
Jewellery
 c - a +4 ring of dexterity (left hand)
 t - an uncursed ring of protection from fire
 w - a ring of protection from magic (right hand)
Scrolls
 e - 2 scrolls of blinking
 g - a scroll of remove curse
 p - a scroll of teleportation {unknown}
 r - 3 scrolls of identify
 v - 2 scrolls of magic mapping {unknown}
Potions
 d - a potion of heal wounds
 f - a potion of cancellation {unknown}
 h - a potion of berserk rage {unknown}
 j - 2 potions of might {unknown}
 k - 2 potions of flight
 n - a potion of lignification {unknown}
 u - 2 potions of curing {unknown}
 x - a potion of haste {unknown}
 z - a potion of brilliance {unknown}
Books
 b - a book of Changes

   Spells                             Type                      Level
   a - Beastly Appendage              Transmutation                1
   b - Sticks to Snakes               Transmutation                2
   c - Spider Form                    Transmutation/Poison         3
   d - Ice Form                       Ice/Transmutation            4
   e - Blade Hands                    Transmutation                5
Comestibles
 o - a beef jerky
 s - 2 fruits


   Skills:
 - Level 1.3 Fighting
 - Level 2.0 Dodging
 + Level 3.9 Unarmed Combat
 + Level 2.6 Spellcasting
 * Level 3.5 Transmutations
 + Level 1.4 Poison Magic


You had 3 spell levels left.
You knew the following spells:

 Your Spells              Type           Power        Failure   Level  Hunger
a - Beastly Appendage     Trmt           ##....       6%          1    #......
b - Sticks to Snakes      Trmt           ##......     10%         2    ##.....
c - Spider Form           Trmt/Pois      #.........   24%         3    ###....


Dungeon Overview and Level Annotations

Branches:
Dungeon (3/15)

Altars:


Innate Abilities, Weirdness & Mutations

Your plain brown scales are hard (AC +5).
Your body does not fit into most forms of armour.
You are cold-blooded and may be slowed by cold attacks.


Message History

Casting: Spider Form
Confirm with . or Enter, or press ? or * to list all spells.
You miscast Spider Form.
You feel sick.
You hit the orc wizard.
The orc wizard is moderately wounded.
The orc wizard misses you.
Things that are here:
a spear; a gnoll skeleton The orc priest mumbles some strange prayers to Beogh against you.
Beogh smites you!
There is a stone staircase leading down here.
The orc wizard casts a cantrip, but nothing happens.
The orc priest invokes the aid of Beogh against you.
Beogh smites you!
* * * LOW HITPOINT WARNING * * *
Things that are here:
a stone; a helmet The orc wizard gestures at you while chanting.
The puff of frost hits you!
You die...

##.......### #.#.#
#..........# #.#.# #
#.##...###.###.#.# .#
#.###.###.>.##.#.# .# #.#
#.##.....#.#.# ###.####
#.###...........)##.###...?...
......##.....#.#.##gg)....#
#.###............######.###
#.# ######.###.#@# #.# #h#
######.###.#.# #.#
#.###..........#.# #.#
#..........#####o# #.#
#####o###### #(# #.# #.#
########o# #.# #.# #..o.....#
#g# #.# #.######## #.# #.#
#.###### #g#


You could see an orc priest and an orc wizard.

Vanquished Creatures
  4 gnolls (D:3)
  An adder (D:2)
  An ooze (D:3)
  A dart slug (D:1)
  3 giant geckos
  9 bats
  4 giant cockroaches
  5 hobgoblins
  4 jackals (D:3)
  8 kobolds
  2 quokkas
  A ball python (D:1)
  3 giant newts
  6 goblins
  12 rats
64 creatures vanquished.

Vanquished Creatures (collateral kills)
  A jelly (D:2)
  A goblin (D:2)
  A kobold (D:2)
3 creatures vanquished.

Grand Total: 67 creatures vanquished

Notes
Turn   | Place    | Note
--------------------------------------------------------------
     0 | D:1      | barb4r1an the Draconian Transmuter began the quest for the Orb.
     0 | D:1      | Reached XP level 1. HP: 16/16 MP: 3/3
   150 | D:1      | Reached XP level 2. HP: 20/23 MP: 5/5
   161 | D:1      | Learned a level 2 spell: Sticks to Snakes
   585 | D:1      | Reached XP level 3. HP: 19/28 MP: 6/6
   767 | D:2      | Learned a level 3 spell: Spider Form
  2268 | D:3      | Reached XP level 4. HP: 13/35 MP: 7/7
  2293 | D:2      | HP: 1/35 [acid (5)]
  2306 | D:2      | Reached skill level 1 in Poison Magic
  2973 | D:3      | Reached XP level 5. HP: 28/40 MP: 5/9
  3210 | D:3      | Killed from afar by an orc wizard

Vault maps used:
D:1:      lemuel_arrival_river_ford, minmay_shallow_snake_nest
D:3:      gammafunk_temple_overflow_elements, first_bread

Skill      XL: |  1  2  3  4 |
---------------+-------------+-----
Dodging        | 2 |  2.0
Transmutations | 3 |  3.5
Poison Magic   | 1 |  1.4
Fighting       | |  1.3
Unarmed Combat | |  3.9
Spellcasting   | |  2.6

Action                   |  1- 3 |  4- 6 || total
-------------------------+-------+-------++-------
Melee: Unarmed           |   278 |    70 ||   348
       Tailslap          |    22 |     5 ||    27
       Headbutt          |     9 |       ||     9
       Kick              |     6 |       ||     6
       Punch             |     2 |       ||     2
 Cast: Beastly Appendage |    19 |       ||    19
       Sticks to Snakes  |     1 |     2 ||     3
       Spider Form       |       |     2 ||     2
  Use: Scroll            |     3 |     3 ||     6
 Stab: Sleeping          |     2 |     2 ||     4
  Eat: Chunk             |     4 |       ||     4
       Bread ration      |       |     1 ||     1
Armor: Skin              |   102 |    14 ||   116
Dodge: Dodged            |   196 |    56 ||   252
